Map: Turbo Cruise '84 LE

Players

FiftyAPMonly

  • Race: Protoss Protoss
  • League: Master
  • Spawn Location: 3:00

Mez - Winner!

  • Race: Terran Terran
  • League: Master
  • Spawn Location: 7:00

VOD

Have the link to the VOD?

Description

Time

  • Played on: Aug. 1, 2019, 4:16 a.m.
  • Length: 11:16
Show
View Real Time Build Order
Export as new Build Order

FiftyAPMonly Protoss 

Build Orders:  

Get SALT Encoding   

  12  0:01  Probe  
  13  0:13  Probe  
  14  0:18  Pylon  
  14  0:25  Probe  
  15  0:38  Probe, Pylon  
  16  0:47  Gateway  
  16  0:51  Probe  
  17  1:02  Gateway  
  17  1:04  Probe  
  18  1:12  Probe  
  19  1:19  Assimilator  
  19  1:20  Probe  
  20  1:31  Probe  
  21  1:34  Cybernetics Core  
  21  1:39  Probe  
  22  1:47  Probe  
  22  1:48  Zealot  
  25  2:06  Stalker  
  27  2:23  Nexus  
  27  2:25  Probe  
  27  2:28  Pylon  
  28  2:41  Probe  
  29  2:45  Stalker  
  29  2:46  Assimilator  
  29  2:48  Stalker  
  33  3:02  Probe  
  34  3:11  Stalker  
  34  3:14  Probe  
  37  3:27  Probe  
  38  3:32  Probe  
  38  3:39  Probe  
  40  3:44  Probe  
  40  3:47  Warp Gate  
  40  3:49  Forge  
  40  3:51  Probe, Twilight Council  
  40  3:54  Stalker, Pylon  
  44  4:05  Probe x2  
  46  4:13  Probe  
  46  4:14  Shield Battery  
  46  4:15  Protoss Ground Weapons Level 1  
  46  4:18  Probe  
  46  4:21  Probe  
  46  4:31  Probe  
  44  4:32  Probe  
  44  4:36  Charge  
  45  4:43  Probe  
  45  4:44  Probe  
  45  4:45  Gateway  
  47  4:47  Gateway  
  47  4:55  Probe  
  47  4:56  Probe, Shield Battery  
  51  5:00  Zealot  
  51  5:07  Probe  
  51  5:08  Probe  
  51  5:12  Gateway x2  
  53  5:15  Pylon  
  53  5:19  Probe  
  54  5:25  Pylon x2  
  54  5:28  Assimilator  
  54  5:33  Zealot, Probe  
  54  5:34  Assimilator  
  57  5:41  Zealot  
  57  5:42  Probe  
  60  5:46  Gateway  
  60  5:47  Probe  
  60  5:48  Gateway  
  61  5:51  Gateway  
  61  5:56  Sentry  
  63  6:00  Gateway  
  63  6:01  Gateway  
  63  6:04  Protoss Ground Armor Level 1  
  63  6:09  Sentry x2  
  67  6:19  Nexus  
  67  6:20  Zealot, Sentry, Pylon  
  71  6:35  Zealot  
  71  6:36  Zealot  
  71  6:38  Robotics Facility  
  75  6:43  Zealot  
  75  6:44  Zealot  
  79  6:49  Photon Cannon  
  79  6:50  Zealot x2  
  79  6:52  Zealot  
  79  6:53  Probe  
  86  7:09  Pylon  
  86  7:12  Pylon  
  86  7:15  Pylon  
  86  7:27  Probe x2  
  88  7:32  Stalker x3  
  88  7:33  Stalker x3  
  88  7:34  Stalker  
  102  7:37  Sentry  
  102  7:39  Probe  
  105  7:51  Warp Prism  
  85  8:01  Probe  
  85  8:04  Probe  
  89  8:09  Probe  
  89  8:13  Templar Archives  
  89  8:17  Probe  
  89  8:19  Probe  
  80  8:38  Zealot x3  
  80  8:39  Zealot x6  
  95  8:41  Probe x2  
  92  8:53  Probe x2  
  90  8:57  Psionic Storm  
  88  9:05  Immortal, Probe x2  
  94  9:11  High Templar  
  94  9:12  High Templar x3  
  94  9:13  High Templar  
  94  9:14  High Templar, Robotics Facility  
  94  9:15  Assimilator  
  94  9:16  Robotics Facility  
  106  9:17  Probe x2  
  106  9:19  Assimilator  
  106  9:23  Pylon  
  108  9:29  Probe  
  108  9:31  Nexus  
  109  9:35  Forge  
  109  9:40  Immortal  
  109  9:42  Probe  
  109  9:43  Probe  
  115  9:54  Probe  
  115  9:55  Probe  
  115  9:56  Stalker x3  
  115  9:57  Stalker  
  88  10:29  Archon  
  88  10:33  Zealot  
  88  10:34  Zealot x6  
  88  10:35  Zealot x2  
  96  10:36  Probe x2  
  86  10:48  Probe x2  
  78  10:57  Zealot x3  
  78  10:58  Stalker x2, Zealot  
  78  11:00  Probe x2  
Show
View Real Time Build Order
Export as new Build Order

Mez Terran - Winner!

Build Orders: Reaper Expand 

Get SALT Encoding   

  12  0:01  SCV  
  13  0:13  SCV  
  14  0:17  Supply Depot  
  14  0:25  SCV  
  15  0:39  SCV  
  15  0:40  Barracks  
  16  0:46  Refinery  
  16  0:51  SCV  
  17  1:03  SCV  
  18  1:17  SCV  
  19  1:29  Orbital Command  
  19  1:30  Reaper  
  20  1:47  Command Center  
  20  1:53  Command Center  
  20  1:57  SCV  
  21  2:03  Barracks Reactor  
  21  2:18  SCV, Barracks  
  21  2:21  Bunker  
  22  2:32  SCV  
  22  2:34  Command Center  
  22  2:40  Marine  
  23  2:52  Supply Depot  
  23  2:56  Barracks  
  23  3:07  Barracks Tech Lab  
  23  3:13  Marine x2  
  23  3:14  SCV, Supply Depot  
  26  3:26  Concussive Shells, SCV, Marauder  
  29  3:31  Marine  
  30  3:38  SCV  
  31  3:45  Marine x2  
  31  3:48  Marauder  
  35  3:50  SCV  
  36  3:59  Engineering Bay  
  36  4:02  SCV  
  36  4:06  Marine  
  36  4:07  Marine  
  36  4:09  Orbital Command  
  38  4:13  Marine  
  38  4:14  SCV, Marauder  
  41  4:30  SCV  
  39  4:31  Marine x2  
  39  4:38  SCV, Command Center  
  42  4:42  Stimpack, SCV  
  43  4:48  Terran Infantry Weapons Level 1  
  43  4:50  SCV  
  44  4:54  Marine  
  44  4:55  Marine x3  
  44  4:57  SCV  
  49  5:02  SCV  
  49  5:05  Supply Depot  
  50  5:09  SCV  
  51  5:14  Refinery x2, SCV  
  51  5:19  Marine x2  
  54  5:23  Factory  
  54  5:26  SCV, Marine x2  
  54  5:28  Supply Depot  
  57  5:32  Missile Turret  
  57  5:34  SCV  
  58  5:38  SCV  
  59  5:44  Barracks Tech Lab  
  59  5:46  SCV, Marine x2  
  59  5:49  Marine  
  63  5:51  SCV  
  63  5:53  Supply Depot  
  63  5:56  Orbital Command  
  64  5:59  SCV  
  64  6:03  SCV  
  66  6:04  Marine x3  
  66  6:05  Combat Shield  
  66  6:09  Starport  
  66  6:10  Factory Reactor  
  69  6:12  SCV  
  69  6:15  SCV  
  71  6:19  Supply Depot  
  71  6:25  SCV  
  72  6:27  SCV  
  72  6:31  Orbital Command  
  73  6:34  Marine x3  
  73  6:35  Marine  
  78  6:41  Barracks  
  78  6:44  Terran Infantry Armor Level 1, Barracks  
  77  6:50  Supply Depot  
  77  6:54  SCV  
  77  6:55  SCV, Medivac x2  
  77  7:01  Marine x2, Marauder x2  
  89  7:05  Refinery  
  89  7:07  SCV x3  
  92  7:12  Supply Depot  
  92  7:20  SCV x2, Marine  
  92  7:21  Marine  
  95  7:28  Medivac x2  
  99  7:33  Armory  
  99  7:34  Barracks Reactor, Engineering Bay, Barracks Tech Lab  
  99  7:35  Marine  
  99  7:36  SCV x2  
  102  7:39  Factory Reactor  
  102  7:43  SCV  
  103  7:46  Refinery  
  103  7:48  SCV  
  89  7:53  SCV, Marine x3, Marauder x2  
  89  7:55  SCV  
  98  8:00  SCV  
  98  8:01  Ghost Academy, Supply Depot  
  99  8:06  SCV  
  99  8:07  SCV  
  101  8:13  SCV  
  101  8:16  Marine x3, Marauder x2  
  101  8:17  Marine, Marauder  
  101  8:19  Medivac x2  
  116  8:21  SCV  
  116  8:22  SCV  
  100  8:34  Marine  
  94  8:43  Marine x3, Marauder x3  
  98  8:52  Marine  
  96  9:00  Marine  
  96  9:01  Marine x2  
  99  9:04  Marine, Marauder x2  
  99  9:09  Missile Turret  
  104  9:10  Missile Turret, Marine  
  104  9:12  Missile Turret x2  
  104  9:14  Missile Turret x2, SCV x3  
  108  9:18  Marine  
  108  9:22  Marauder  
  111  9:24  Marine, Supply Depot  
  111  9:25  Marine  
  111  9:26  SCV x3, Marauder  
  118  9:38  Refinery  
  118  9:40  Marine  
  118  9:41  Command Center, Marine x2  
  118  9:42  Marine x2  
  118  9:43  Marine  
  124  9:46  Marine  
  124  9:51  Supply Depot  
  125  9:53  Supply Depot  
  125  9:54  Medivac x2  
  125  9:55  SCV x2  
  131  10:17  Marine x3, Marauder x2  
  131  10:18  Marine, Marauder  
  137  10:26  Barracks x2  
  137  10:27  Barracks  
  134  10:35  Marine x4  
  130  10:38  Marine  
  130  10:39  Marauder x2  
  130  10:40  Medivac x2  
  138  10:53  Marine x3  
  138  10:55  Marine  
Tags
 
Add a new tag
Caveats
  • Supply blocks, unpowered buildings, or Contaminate may cause inaccurate times.
  • Supply counts are checked every 10 seconds.